 Dungeon Crawl Stone Soup version 0.28.0-53-g5a82cb258f (webtiles) character file.

Game seed: 3313878452880717308

1368 Duralumin the Cleaver (level 8, -2/58 HPs)
             Began as a Formicid Fighter on June 11, 2022.
             Was a Believer of Okawaru.
             Slain by a gnoll shaman
             ... wielding a +2 whip of electrocution
              (19 damage)
             ... on level 6 of the Dungeon.
             The game lasted 00:16:58 (7278 turns).

Duralumin the Cleaver (Formicid Fighter)            Turns: 7278, Time: 00:16:58

Health: -2/58      AC:  6    Str: 23    XL:     8   Next: 97%
Magic:  8/8        EV:  9    Int:  8    God:    Okawaru [**....]
Gold:   261        SH:  4    Dex: 10    Spells: 7/7 levels left

rFire   . . .      SeeInvis +   a - +0 war axe
rCold   . . .      Faith    .   c - +0 buckler
rNeg    . . .      Spirit   .   b - +0 scale mail
rPois   .          Reflect  .   (helmet unavailable)
rElec   .          Harm     .   (no cloak)
rCorr   .          Rampage  .   (no gloves)
Will    .....                   (no boots)
Stlth   ..........              (no amulet)
HPRegen 0.19/turn               (no ring)
MPRegen 0.11/turn               (no ring)

@: lit by a corona, glowing
A: permanent stasis, dig shafts and tunnels, antennae 3, four strong arms
a: Dig, Shaft Self, Renounce Religion, Heroism


You were on level 6 of the Dungeon.
You worshipped Okawaru.
Okawaru was pleased with you.
You visited 2 branches of the dungeon, and saw 7 of its levels.

You collected 261 gold pieces.

Inventory:

Hand Weapons
 a - a +0 war axe (weapon)
Missiles
 k - 112 stones
 w - 4 poisoned darts (quivered)
Armour
 b - a +0 scale mail (worn)
 c - a +0 buckler (worn)
 l - +0 ice dragon scales
Wands
 i - a wand of acid (9)
Scrolls
 e - a scroll of immolation {unknown}
 h - a scroll of fear {unknown}
 n - a scroll of magic mapping {unknown}
 o - a scroll of acquirement {unknown}
 p - a scroll of torment {unknown}
 r - a scroll of amnesia {unknown}
 t - a scroll of vulnerability {unknown}
 u - a scroll of enchant armour {unknown}
 v - a scroll of enchant weapon {unknown}
 x - a scroll of noise {unknown}
 y - a scroll of teleportation {unknown}
Potions
 d - a potion of might
 f - a potion of lignification
 g - a potion of resistance {unknown}
 j - 3 potions of mutation {unknown}
 q - a potion of attraction
 s - a potion of berserk rage {unknown}


   Skills:
 - Level 3.2 Fighting
 + Level 10.5 Axes
 - Level 3.2 Armour
 - Level 3.6 Shields


You had 7 spell levels left.
You didn't know any spells.
Your spell library contained the following spells:

 Spells                   Type           Power      Damage    Failure   Level
 Ensorcelled Hibernation  Hex/Ice        0%         N/A       90%         2
 Conjure Flame            Conj/Fire      0%         6-21      99%         3
 Ignite Poison            Fire/Tmut/Pois 0%         N/A       99%         3
 Spider Form              Tmut/Pois      0%         N/A       99%         3
 Anguish                  Hex/Necr       0%         N/A       100%        4
 Sticky Flame             Conj/Fire      0%         2d3       100%        4
 Enfeeble                 Hex            0%         N/A       100%        7
 Tukima's Dance           Hex            Unusable   N/A       N/A         3

Dungeon Overview and Level Annotations

Branches:
Dungeon (6/15)             Temple (1/1) D:4

Altars:
Dithmenos
Elyvilon
Fedhas
Gozag
Hepliaklqana
Okawaru
Qazlal
Ru
Sif Muna
Trog
Uskayaw
Wu Jian
Yredelemnul
Zin
The Shining One


Innate Abilities, Weirdness & Mutations

You cannot be hasted, slowed, berserked, paralysed or teleported.
You can dig through walls and to a lower floor.
You have a pair of large antennae on your head. (SInv)
Your four strong arms can wield two-handed weapons with a shield.


Message History

The gnoll shouts!
You hear a shout!
You slash the gnoll!
The gnoll is severely wounded.
You block the gnoll's attack. The gnoll blocks your attack.
The gnoll is severely wounded.
A gnoll shaman comes into view.
It is wielding a +2 whip of electrocution.
The gnoll hits you but does no damage.
You hit the gnoll.
The gnoll is almost dead.
You block the gnoll's attack.
You closely miss the gnoll.
The gnoll is almost dead.
The gnoll shaman calls upon its god to heal the gnoll.
The gnoll is healed somewhat.
The gnoll barely misses you.
You barely miss the gnoll.
The gnoll is heavily wounded.
The gnoll shaman calls down the wrath of its god upon you.
You are outlined in light.
The gnoll hits you with a +0 club!
You slash the gnoll!
You kill the gnoll!
Okawaru accepts your kill. The gnoll shaman barely misses you.
You barely miss the gnoll shaman. The gnoll shaman barely misses you.
You barely miss the gnoll shaman. You block the gnoll shaman's attack.
You hit the gnoll shaman but do no damage.
The gnoll shaman closely misses you.
You closely miss the gnoll shaman.
The gnoll shaman hits you with a +2 whip of electrocution.
You closely miss the gnoll shaman.
The gnoll shaman hits you but does no damage.
You barely miss the gnoll shaman.
The gnoll shaman hits you with a +2 whip of electrocution.
You closely miss the gnoll shaman. The gnoll shaman closely misses you.
You hit the gnoll shaman.
The gnoll shaman is moderately wounded.
The gnoll shaman hits you with a +2 whip of electrocution!
* * * LOW HITPOINT WARNING * * *
You are electrocuted!!
You die...

#.......# #.......# .#
#.......####'####
#.......##......# .#
#####........'......# .# .
........#.####......######.##.
####>)...........##........
#)#.####......##........
#######.#....@g<....##........
##.......####).................
#.....#### #.####.####........
#.....# #.# #.# #........
#....## #.####.# ###'#'##.
#...g #.#....## #...... #....
#.#.##..#######.### #....
#.#.#.........#.# #####
#.#.###.#####.#.#


You could see a gnoll shaman.

Vanquished Creatures
  Eustachio (D:4)
  An ice beast (D:5)
  2 black bears
  An ogre (D:4)
  A necrophage (D:4)
  A centaur (D:5)
  A phantom (D:6)
  3 scorpions
  A howler monkey (D:6)
  2 jellies
  2 centaur skeletons
  An orc wizard (D:6)
  5 gnolls
  7 adders
  A shadow imp (D:5)
  5 worms
  5 dart slugs
  12 orcs
  9 endoplasms
  2 giant cockroaches (D:4)
  8 goblins
  9 hobgoblins
  4 jackals (D:4)
  10 kobolds
  7 quokkas
  7 ball pythons
  5 bats
  8 frilled lizards
  10 rats
131 creatures vanquished.

Notes
Turn   | Place    | Note
-------+----------+-------------------------------------------
     0 | D:1      | Duralumin the Formicid Fighter began the quest for the Orb.
     0 | D:1      | Reached XP level 1. HP: 18/18 MP: 1/1
   125 | D:1      | Reached skill level 3 in Axes
   125 | D:1      | Reached XP level 2. HP: 16/24 MP: 2/2
   396 | D:1      | Reached XP level 3. HP: 24/29 MP: 3/3
  1591 | D:2      | Reached skill level 4 in Axes
  1591 | D:2      | Reached XP level 4. HP: 17/35 MP: 4/4
  2234 | D:2      | Found a faded altar of an unknown god.
  2622 | D:2      | Reached XP level 5. HP: 36/41 MP: 5/5
  3039 | D:3      | Reached skill level 5 in Axes
  3861 | D:4      | Noticed an ogre
  3879 | D:4      | Killed an ogre
  3880 | D:4      | Reached skill level 6 in Axes
  3880 | D:4      | Reached XP level 6. HP: 6/47 MP: 6/6
  4334 | D:4      | Found a staircase to the Ecumenical Temple.
  4349 | Temple   | Entered the Ecumenical Temple
  4500 | Temple   | Became a worshipper of Warmaster Okawaru
  4756 | D:4      | Noticed Eustachio
  4765 | D:4      | Reached skill level 7 in Axes
  4765 | D:4      | Reached XP level 7. HP: 44/52 MP: 7/7
  4796 | D:4      | Killed Eustachio
  4968 | D:4      | Reached skill level 8 in Axes
  5252 | D:4      | Reached XP level 8. HP: 51/58 MP: 8/8
  5637 | D:5      | Entered Level 5 of the Dungeon
  5795 | D:5      | Reached * piety under Okawaru
  5809 | D:5      | Reached skill level 9 in Axes
  7019 | D:6      | Reached skill level 10 in Axes
  7221 | D:6      | Reached ** piety under Okawaru
  7278 | D:6      | Slain by a gnoll shaman

Illustrated notes

Levels and vault maps discovered:
D:1:      tarquinn_simple_flora_water_a, layout_loops_ring,
          roderic_roman_lattice, minmay_small_reverse_x
D:2:      layout_loops_ring, hellmonk_ecumenical_altar_prayer_group
D:3:      layout_rooms, minmay_surrounded
D:4:      layout_basic, minmay_temple_entry_glassed_door,
          palyth_stone_intersect, hangedman_decor_opposing,
          kennysheep_small_spiral, uniq_eustachio
D:5:      layout_rooms
D:6:      layout_basic
Temple:   mainiacjoe_temple_trianglar_array

Skill      XL: |  1  2  3  4  5  6  7  8 |
---------------+-------------------------+-----
Axes           | 3 4 6 7 8 10 | 10.5
Fighting       | |  3.2
Armour         | |  3.2
Shields        | |  3.6

Action                   |  1- 3 |  4- 6 |  7- 9 || total
-------------------------+-------+-------+-------++-------
Melee: War axe           |   112 |   230 |   150 ||   492
Throw: Stone             |       |     6 |       ||     6
 Abil: Dig               |     1 |     1 |       ||     2
  Use: Potion            |     1 |     1 |     1 ||     3
       Scroll            |       |       |     4 ||     4
Armor: Scale mail        |    54 |    82 |    43 ||   179
Dodge: Dodged            |    47 |    95 |    55 ||   197
Block: Buckler           |    21 |    41 |    31 ||    93
